Map: Терминал Паладино РВ

Players

IIIIIIIIII

  • Race: Protoss Protoss
  • League: Master
  • Spawn Location: 5:00

MasterPendal - Winner!

  • Race: Terran Terran
  • League: Diamond
  • Spawn Location: 9:00

VOD

Have the link to the VOD?

Description

Time

  • Played on: Feb. 15, 2017, 6:45 a.m.
  • Length: 5:20
Show
View Real Time Build Order
Export as new Build Order

IIIIIIIIII Protoss 

Build Orders:  

Get SALT Encoding   

  12  0:01  Probe (Chrono Boost)  
  13  0:11  Probe (Chrono Boost)  
  14  0:20  Pylon  
  14  0:23  Probe (Chrono Boost)  
  15  0:38  Probe (Chrono Boost)  
  15  0:39  Gateway  
  16  0:50  Probe (Chrono Boost)  
  16  0:52  Assimilator  
  16  0:56  Assimilator  
  17  1:01  Probe (Chrono Boost)  
  18  1:13  Probe (Chrono Boost)  
  19  1:23  Probe (Chrono Boost)  
  20  1:26  Cybernetics Core  
  20  1:29  Zealot  
  22  1:36  Pylon  
  22  1:40  Probe (Chrono Boost)  
  23  1:49  Pylon  
  23  1:54  Probe (Chrono Boost)  
  24  2:06  Stargate  
  24  2:13  Mothership Core (Chrono Boost)  
  26  2:19  Adept  
  27  2:32  Probe (Chrono Boost)  
  28  2:42  Probe (Chrono Boost)  
  29  2:52  Adept  
  29  2:57  Pylon  
  29  2:58  Pylon  
  31  3:19  Probe (Chrono Boost)  
  32  3:21  Adept  
  32  3:26  Robotics Facility  
  11  4:37  Pylon  
  11  4:38  Pylon  
Show
View Real Time Build Order
Export as new Build Order

MasterPendal Terran - Winner!

Build Orders: Reaper Expand 

Get SALT Encoding   

  12  0:01  SCV  
  13  0:18  SCV, Supply Depot  
  14  0:31  SCV  
  15  0:40  Barracks  
  15  0:45  Refinery  
  15  0:46  SCV  
  16  0:58  SCV  
  17  1:12  SCV  
  18  1:25  SCV  
  19  1:34  Reaper  
  19  1:37  Barracks  
  20  1:50  Command Center  
  20  1:55  SCV  
  21  2:08  Barracks Reactor  
  21  2:11  Supply Depot  
  21  2:24  Orbital Command  
  21  2:26  Barracks Reactor  
  21  2:34  Barracks  
  21  2:44  Engineering Bay  
  21  2:47  Marine  
  21  2:49  Marine  
  22  2:57  Bunker, SCV  
  23  3:02  Marine x2  
  25  3:08  Marine  
  25  3:09  Marine  
  27  3:13  Bunker  
  27  3:20  Marine x2  
  29  3:27  Supply Depot  
  29  3:28  Supply Depot  
  23  3:49  Marine  
  23  3:50  Marine x3  
  25  3:58  Marine  
  26  4:21  Marine x2  
  26  4:22  Marine  
  28  4:28  SCV  
  28  4:29  Marine  
  30  4:38  Marine  
  31  4:48  Marine  
  31  4:52  SCV  
  31  4:55  Marine  
  31  4:59  Marine  
  30  5:09  Barracks Reactor  
Tags
 
Add a new tag
Caveats
  • Supply blocks, unpowered buildings, or Contaminate may cause inaccurate times.
  • Supply counts are checked every 10 seconds.